 Dungeon Crawl Stone Soup version 0.27-a0-538-g15ff5c5295 (webtiles) character file.

Game seed: 17857463572585045248

166 sahdkjhfkaj the Magician (level 5, -4/34 HPs)
             Began as a Halfling Transmuter on Mar 6, 2021.
             Slain by an iguana (7 damage)
             ... on level 3 of the Dungeon.
             The game lasted 00:03:36 (5064 turns).

sahdkjhfkaj the Magician (Halfling Transmuter)      Turns: 5064, Time: 00:03:36

Health: -4/34      AC:  5    Str: 12    XL:     5   Next: 76%
Magic:  8/9        EV: 13    Int: 11    God:
Gold:   179        SH:  0    Dex: 15    Spells: 9/10 levels left

rFire    . . .     SeeInvis .   a - +0 short sword
rCold    + . .     Faith    .   (shield restricted)
rNeg     . . .     Spirit   .   c - +0 ring mail
rPois    .         Reflect  .   (helmet currently unavailable)
rElec    .         Harm     .   (no cloak)
rCorr    .         Rampage  .   (no gloves)
Will     .....                  (boots currently unavailable)
Stlth    +.........             (no amulet)
HPRegen  0.11/turn              f - ring of protection from cold
MPRegen  0.11/turn              (no ring)

@: lethally poisoned (-4 -> -5), appendages
A: small, horns 2, talons 2, mutation resistance 1
a: End Transformation


You were on level 3 of the Dungeon.
You had grown temporary horns.
You had grown temporary talons.
You visited 1 branch of the dungeon, and saw 4 of its levels.

You collected 179 gold pieces.

Inventory:

Hand Weapons
 a - a +0 short sword (weapon)
Armour
 c - a +0 ring mail (worn)
Jewellery
 f - a ring of protection from cold (left hand)
Scrolls
 b - 3 scrolls of fear {unknown}
 d - 2 scrolls of teleportation
 j - a scroll of magic mapping
Potions
 e - 2 potions of lignification
 g - a potion of magic {unknown}
 h - a potion of ambrosia {unknown}
 i - a potion of heal wounds {unknown}


   Skills:
 - Level 2.0 Fighting
 - Level 2.0 Short Blades
 - Level 2.1 Dodging
 - Level 1.0 Stealth
 - Level 2.4 Unarmed Combat
 - Level 3.0 Spellcasting
 + Level 2.0 Transmutations


You had 9 spell levels left.
You knew the following spells:

 Your Spells              Type           Power      Damage    Failure   Level
a - Beastly Appendage     Tmut           12%        N/A       26%         1

Your spell library contained the following spells:

 Spells                   Type           Power      Damage    Failure   Level
 Wereblood                Tmut           6%         N/A       36%         2
 Spider Form              Tmut/Pois      1%         N/A       75%         3
 Ice Form                 Ice/Tmut       3%         N/A       98%         4
 Blade Hands              Tmut           3%         N/A       100%        5


Dungeon Overview and Level Annotations

Branches:
Dungeon (4/15)
 Temple: D:4-7

Altars:
Ashenzari
Nemelex Xobeh
Qazlal
Ru
Wu Jian

Annotations:
D:3 1 runed translucent door, AtlasWard's ghost, amateur OpEE
D:4 Grinder


Innate Abilities, Weirdness & Mutations

You are small and have problems with some larger weapons.
You are somewhat resistant to further mutation.
You have a pair of horns on your head.
You have razor-sharp toenails.


Message History

The iguana closely misses you.
You hit the iguana but do no damage. You claw the iguana, but do no damage.
You headbutt the iguana, but do no damage.
The iguana is moderately wounded.
You feel sick. The iguana barely misses you.
You hit the iguana but do no damage.
The iguana is moderately wounded.
Your transformation is almost over.
The iguana closely misses you.
You hit the iguana but do no damage. You claw the iguana, but do no damage.
The iguana is moderately wounded.
The iguana bites you.
You hit the iguana. Your headbutt misses the iguana.
The iguana is moderately wounded.
The iguana barely misses you.
You hit the iguana. You claw the iguana, but do no damage.
Your headbutt misses the iguana.
The iguana is moderately wounded.
You feel sick. The iguana misses you.
You hit the iguana but do no damage. Your kick misses the iguana.
The iguana is moderately wounded.
The iguana closely misses you.
You hit the iguana. Your kick misses the iguana.
The iguana is heavily wounded.
The iguana misses you.
You closely miss the iguana. You punch the iguana.
The iguana is severely wounded.
The iguana barely misses you.
You hit the iguana but do no damage.
The iguana is severely wounded.
You feel sick. The iguana bites you!
* * * LOW HITPOINT WARNING * * *
Casting: Beastly Appendage (safe; 26% risk of failure)
Confirm with . or Enter, or press ? or * to list all spells.
You extend your transformation's duration.
The iguana closely misses you.
You closely miss the iguana. Your headbutt misses the iguana.
The iguana is severely wounded.
The iguana bites you!
You die...

##### ....# ###
....# #####.#
._..## #.....#
_8_..#######.###.#
...........#.# #.#
...........#.# #.#
###........#.###.#
...........+...l@#
###........#.#####
#........#.#
#..........#
##.....^...######
###########.......#
.........(..#####.#
############# #.#.#
...########## #.#.#


You could see an iguana.

Vanquished Creatures
  An orc wizard (D:3)
  A worker ant (D:3)
  2 adders (D:2)
  3 oozes
  4 worms
  A leopard gecko (D:3)
  2 orcs (D:3)
  8 bats
  5 giant cockroaches
  10 goblins
  9 hobgoblins
  4 jackals (D:1)
  10 kobolds
  3 quokkas
  A ball python (D:3)
  4 frilled lizards
  3 rats
71 creatures vanquished.

Notes
Turn   | Place    | Note
-------+----------+-------------------------------------------
     0 | D:1      | sahdkjhfkaj the Halfling Transmuter began the quest for the
                  | Orb.
     0 | D:1      | Reached XP level 1. HP: 12/12 MP: 3/3
    25 | D:1      | Reached skill level 1 in Fighting
   484 | D:1      | Reached XP level 2. HP: 19/19 MP: 2/4
   536 | D:1      | Found a sparkling altar of Nemelex Xobeh.
   880 | D:1      | Reached skill level 2 in Spellcasting
   880 | D:1      | Reached XP level 3. HP: 17/24 MP: 3/6
  2107 | D:2      | Reached XP level 4. HP: 29/29 MP: 5/7
  2905 | D:2      | You fall into a shaft and drop 1 floor!
  2905 | D:3      | Found a sacrificial altar of Ru.
  2905 | D:3      | Found an ornate altar of the Wu Jian Council.
  2905 | D:3      | Found a stormy altar of Qazlal.
  3224 | D:2      | Reached XP level 5. HP: 32/34 MP: 7/9
  3901 | D:3      | Noticed AtlasWard's ghost (amateur OpEE)
  3932 | D:3      | Found a runed translucent door.
  4225 | D:3      | Found a broken altar of Ashenzari.
  4448 | D:3      | Found a sacrificial altar of Ru.
  4457 | D:3      | Reached skill level 3 in Spellcasting
  4457 | D:3      | Reached skill level 1 in Short Blades
  4806 | D:3      | Reached skill level 1 in Stealth
  4985 | D:4      | Noticed Grinder
  5064 | D:3      | Slain by an iguana

Illustrated notes

Levels and vault maps discovered:
D:1:      minmay_arrival_semitransparent, layout_loops_ring,
          hangedman_abyss_or_decor_lesser_grid, nemelex_diamond_rough_becter
D:2:      layout_loops_ring, minmay_cupped
D:3:      layout_basic, ashenzari_conservatory_becter,
          chequers_temple_overflow_statue_of_worship,
          hellmonk_ghost_happy_afterlife, minmay_misc_feat_diagonals,
          nicolae_ru_great_annihilating_truth
D:4:      layout_rooms, minmay_misc_feat_four_crosses, minmay_shop_damaged,
          roderic_lattice_a, uniq_edmund, uniq_grinder

Skill      XL: |  1  2  3  4  5 |
---------------+----------------+-----
Fighting       | 1 2 |  2.0
Spellcasting   | 2 3 |  3.0
Transmutations | 2 |  2.0
Short Blades   | 2 |  2.0
Stealth        | 1 |  1.0
Dodging        | |  2.1
Unarmed Combat | |  2.4

Action                   |  1- 3 |  4- 6 || total
-------------------------+-------+-------++-------
Melee: Unarmed           |    17 |       ||    17
       Kick              |    27 |    30 ||    57
       Headbutt          |    12 |    23 ||    35
       Dagger            |    75 |   118 ||   193
       Punch             |     1 |     2 ||     3
       Short sword       |       |    76 ||    76
 Cast: Beastly Appendage |    24 |    29 ||    53
  Use: Scroll            |       |     3 ||     3
 Stab: Paralysed         |       |     1 ||     1
Armor: Robe              |    14 |    26 ||    40
       Ring mail         |       |    13 ||    13
Dodge: Dodged            |    76 |   171 ||   247

Table legend: (Time is in decaauts)
 A = Elapsed time spent in this place.
 B = Non-inter-level travel time spent in this place.
 C = Inter-level travel time spent in this place.
 D = Time resting spent in this place.
 E = Time spent auto-exploring this place.
 F = Levels seen in this place.
 G = Mean time per level.
                   A        B        C        D        E       F      G
               +--------+--------+--------+--------+--------+-----+--------+
         Total |   5072 |   4853 |    219 |      0 |   4214 |   4 | 1268.0 |
       Dungeon |   5072 |   4853 |    219 |      0 |   4214 |   4 | 1268.0 |
               +--------+--------+--------+--------+--------+-----+--------+

Top non-repeatable levels by time:
     D:1: 1850 daAuts
     D:2: 1798 daAuts
     D:3: 1388 daAuts
     D:4: 35 daAuts
